 Dungeon Crawl Stone Soup version 0.26-a0-837-g5a8a614f01 (webtiles) character file.

Game seed: 5266400669057705604

32 Morbidden the Ruffian (level 3, 29/29 HPs)
             Began as a Palentonga Transmuter on Nov 18, 2020.
             Quit the game on level 1 of the Dungeon.
             The game lasted 00:01:05 (913 turns).

Morbidden the Ruffian (Palentonga Transmuter)        Turns: 913, Time: 00:01:06

Health: 29/29      AC:  4    Str: 14    XL:     3   Next: 8%
Magic:  6/6        EV: 10    Int: 13    God:
Gold:   45         SH:  0    Dex: 10    Spells: 5/6 levels left

rFire    . . .     SeeInvis +     - Unarmed
rCold    . . .     Faith    .   (no shield)
rNeg     . . .     Spirit   .   a - +0 robe
rPois    .         Reflect  .   (no helmet)
rElec    .         Harm     .   (no cloak)
rCorr    .         Rampage  .   (no gloves)
MR       .....                  (no barding)
Stlth    +.........             (no amulet)
HPRegen  0.09/turn              (no ring)
MPRegen  0.10/turn              (no ring)

@: no status effects
A: large, rugged brown scales 3, see invisible, deformed body, roll 1, armoured
tail
a: Rolling Charge


You were on level 1 of the Dungeon.
You visited 1 branch of the dungeon, and saw 1 of its levels.

You collected 45 gold pieces.

Inventory:

Armour
 a - a +0 robe (worn)
Scrolls
 b - a scroll of remove curse {unknown}
 c - a scroll of identify {unknown}
 d - a scroll of immolation {unknown}
 e - a scroll of teleportation {unknown}
 f - a scroll of fear {unknown}


   Skills:
 + Level 1.0 Fighting
 + Level 1.8 Dodging
 + Level 3.5 Unarmed Combat
 + Level 2.3 Spellcasting
 + Level 2.4 Transmutations


You had 5 spell levels left.
You knew the following spells:

 Your Spells              Type           Power        Failure   Level
z - Beastly Appendage     Tmut           #.....       10%         1

Your spell library contained the following spells:

 Spells                   Type           Power        Failure   Level
 Wereblood                Tmut           #.......     14%         2
 Spider Form              Tmut/Pois      #.........   41%         3
 Ice Form                 Ice/Tmut       #.......     83%         4
 Blade Hands              Tmut           #.........   95%         5


Dungeon Overview and Level Annotations

Branches:
Dungeon (1/15)

Altars:


Innate Abilities, Weirdness & Mutations

You are completely covered in rugged brown scales. (AC +3, +7% HP)
You have supernaturally acute eyesight. (SInv)
Armour fits poorly on your strangely shaped body.
You can roll at nearby foes to attack.
You have a long armoured tail.


Message History

No target in view!
A bat comes into view.
A bat is nearby!
The bat hits you but does no damage.
A bat is nearby!
The bat barely misses you.
A bat is nearby!
The bat closely misses you. The bat hits you.
A bat is nearby!
You hit the bat.
You kill the bat!
Key pressed, stopping explore.
No target in view!
No target in view!
You see here a bat corpse.
You see here a bat corpse.
Found a stone staircase leading down.
No target in view!
No target in view!
Are you sure you want to abandon this character and quit the game? (Confirm with "yes".)

###################
#.@................
#.#################
#! .. ##. ### .>
... ## ##


There were no monsters in sight!

Vanquished Creatures
  An ooze (D:1)
  2 dart slugs (D:1)
  2 bats (D:1)
  2 giant cockroaches (D:1)
  4 goblins (D:1)
  A hobgoblin (D:1)
  3 jackals (D:1)
  3 kobolds (D:1)
  2 frilled lizards (D:1)
  A rat (D:1)
21 creatures vanquished.

Notes
Turn   | Place    | Note
-------+----------+-------------------------------------------
     0 | D:1      | Morbidden the Palentonga Transmuter began the quest for the
                  | Orb.
     0 | D:1      | Reached XP level 1. HP: 17/17 MP: 3/3
   314 | D:1      | Reached XP level 2. HP: 24/24 MP: 5/5
   546 | D:1      | Reached XP level 3. HP: 12/29 MP: 4/6
   913 | D:1      | Quit the game

Illustrated notes

Levels and vault maps discovered:
D:1:      dpeg_arrival_concentric_ovals, layout_basic, serial_park_tiny_1

Action                   || total
-------------------------++-------
Melee: Unarmed           ||    69
       Tailslap          ||     8
       Kick              ||     7
       Punch             ||     2
       Headbutt          ||     1
 Cast: Beastly Appendage ||     6
 Abil: Rolling Charge    ||     5
Armor: Robe              ||    25
Dodge: Dodged            ||    48

Table legend: (Time is in decaauts)
 A = Elapsed time spent in this place.
 B = Non-inter-level travel time spent in this place.
 C = Inter-level travel time spent in this place.
 D = Time resting spent in this place.
 E = Time spent auto-exploring this place.
 F = Levels seen in this place.
 G = Mean time per level.
                   A        B        C        D        E       F      G
               +--------+--------+--------+--------+--------+-----+--------+
         Total |    909 |    909 |      0 |      0 |    766 |   1 |  909.0 |
       Dungeon |    909 |    909 |      0 |      0 |    766 |   1 |  909.0 |
               +--------+--------+--------+--------+--------+-----+--------+

Top non-repeatable levels by time:
     D:1: 909 daAuts
